 Dungeon Crawl Stone Soup version 0.24-a0-582-g4d4af81 (webtiles) character file.

Game seed: 13554624741071099762

3436 pichaelthompson the Magician (level 10, -6/77 HPs)
             Began as a Gnoll Skald on Aug 27, 2019.
             Was a Follower of Ashenzari.
             Mangled by Erica
             ... wielding a +2 scimitar of flaming
              (16 damage)
             ... on level 8 of the Dungeon.
             The game lasted 00:17:28 (6980 turns).

pichaelthompson the Magician (Gnoll Skald)          Turns: 6980, Time: 00:17:29

Health: -6/77      AC:  8    Str: 17    XL:     10   Next: 5%
Magic:  15/20      EV: 18    Int: 15    God:    Ashenzari [*.....]
Gold:   160        SH:  0    Dex: 21    Spells: 16/23 levels left

rFire    . . .     SeeInvis .   o - +0 lajatang
rCold    . . .     Gourm    .   (shield currently unavailable)
rNeg     . . .     Faith    .   j - +2 robe {Archmagi}
rPois    .         Spirit   .   (no helmet)
rElec    .         Reflect  .   y - +0 cloak
rCorr    .         Harm     .   C - +1 pair of gloves {Str+3}
MR       .....                  (no boots)
Stlth    +++.......             p - amulet of inaccuracy (curse)
HPRegen  1.22/turn              u - +3 ring of dexterity
MPRegen  0.17/turn              (no ring)

@: regenerating
A: distributed training, fangs 1, strong nose
a: Curse Item, Scrying, Renounce Religion


You were on level 8 of the Dungeon.
You worshipped Ashenzari.
Ashenzari was aware of your devotion.
You were very hungry.

You visited 2 branches of the dungeon, and saw 9 of its levels.
You also visited: Sewer.

You collected 341 gold pieces.
You spent 181 gold pieces at shops.

Inventory:

Hand Weapons
 i - a +0 antimagic spear
 o - a +0 lajatang (weapon)
 r - a +0 trident
Armour
 f - a +0 scale mail
 j - a +2 robe of the Archmagi (worn)
 y - a +0 cloak (worn)
 C - a +1 pair of gloves of strength (worn)
Jewellery
 l - an uncursed amulet of regeneration
 p - a cursed amulet of inaccuracy (around neck)
 u - a +3 ring of dexterity (left hand)
Wands
 q - a wand of acid (9)
 w - a wand of random effects (10)
 B - a wand of polymorph (5)
 H - a wand of paralysis (2)
Scrolls
 b - 2 scrolls of enchant armour {unknown}
 c - 6 scrolls of teleportation
 e - 2 scrolls of fog {unknown}
 k - 4 scrolls of random uselessness {unknown}
 m - 3 scrolls of immolation {unknown}
 n - 2 scrolls of magic mapping {unknown}
 t - a scroll of fear {unknown}
 v - 2 scrolls of enchant weapon {unknown}
 D - 3 scrolls of remove curse
 E - a scroll of noise {unknown}
 G - 3 scrolls of acquirement {unknown}
Potions
 a - a potion of cancellation
 g - a potion of haste
 h - 4 potions of curing
 s - a potion of lignification
 x - 2 potions of might
 z - 2 potions of flight
 A - a potion of heal wounds
 F - a potion of invisibility {unknown}
Comestibles
 d - 23 rations


   Skills:
 + Level 6.7 Fighting
 + Level 4.8 Short Blades
 + Level 4.8 Long Blades
 + Level 4.8 Axes
 + Level 4.8 Maces & Flails
 + Level 6.7 Polearms
 + Level 4.8 Staves
 + Level 4.8 Slings
 + Level 4.8 Bows
 + Level 4.8 Crossbows
 + Level 4.8 Throwing
 + Level 5.5 Armour
 + Level 6.7 Dodging
 + Level 4.8 Stealth
 + Level 4.8 Shields
 + Level 4.8 Unarmed Combat
 + Level 7.0 Spellcasting
 + Level 3.9 Conjurations
 + Level 3.9 Hexes
 + Level 6.8 Charms
 + Level 3.9 Summonings
 + Level 3.9 Necromancy
 + Level 3.9 Translocations
 + Level 3.9 Transmutations
 + Level 3.9 Fire Magic
 + Level 3.9 Ice Magic
 + Level 3.9 Air Magic
 + Level 3.9 Earth Magic
 + Level 3.9 Poison Magic
 + Level 5.2 Invocations
 + Level 4.8 Evocations


You had 16 spell levels left.
You knew the following spells:

 Your Spells              Type           Power        Failure   Level  Hunger
a - Infusion              Chrm           ####         1%          1    None
b - Spectral Weapon       Hex/Chrm       ####....     4%          3    ##.....
c - Regeneration          Chrm/Necr      ####......   4%          3    ##.....

Your spell library contained the following spells:

 Spells                   Type           Power        Failure   Level  Hunger
 Song of Slaying          Chrm           #####...     1%          2    None
 Freeze                   Ice            ####         2%          1    None
 Shroud of Golubria       Chrm/Tloc      ####..       2%          2    None
 Throw Frost              Conj/Ice       ####..       4%          2    None
 Ozocubu's Armour         Chrm/Ice       ####....     4%          3    ##.....
 Summon Ice Beast         Ice/Summ       ####....     26%         4    ####...
 Throw Icicle             Conj/Ice       ####....     26%         4    ####...


Dungeon Overview and Level Annotations

Branches:
Dungeon (8/15)             Temple (1/1) D:5           Sewer (visited)
   Lair: D:8-11

Altars:
Ashenzari
Cheibriados
Dithmenos
Elyvilon
Fedhas
Gozag
Hepliaklqana
Kikubaaqudgha
Makhleb
Nemelex Xobeh
Okawaru
Qazlal
Ru
Sif Muna
Trog
Uskayaw
Vehumet
Wu Jian
Xom
Yredelemnul
Zin
The Shining One

Shops:
D:5 [

Annotations:
D:8 Erica


Innate Abilities, Weirdness & Mutations

Your experience applies equally to all skills.
You have very sharp teeth.
Your uncanny sense of smell can sniff out nearby items.


Message History

You completely miss something. The leopard gecko misses you.
The leopard gecko bites you. Something completely misses you.
You closely miss something. The leopard gecko closely misses you.
Something hits you. Something burns you.
You hit something but do no damage. The leopard gecko closely misses you.
Something barely misses you. The leopard gecko misses you.
You barely miss the leopard gecko.
Your spectral weapon hits the leopard gecko.
You kill the leopard gecko!
Something hits you! Something burns you.
You slash something! Something hits you.
* * * LOW HITPOINT WARNING * * *
Something burns you.
* * * LOW HITPOINT WARNING * * *
You closely miss something. Your bite misses something. Something hits you!
* * * LOW HITPOINT WARNING * * *
Something burns you.
* * * LOW HITPOINT WARNING * * *
You hit something. Your bite misses something. Something hits you!
You die...

######## #.# #.## #...
##### #### ∆...##### #
## #.#...# #########
#.. #...#.# #........
#...#(..#.####.#######
#.@{.#............#
#.##.######........
..$ #.# ###.#[##..
#### #.# #...#....#
..# #...####.. ####
#.#....### #.##.#....
#.##.##### #....#


You could see a friendly spectral +0 lajatang.

Vanquished Creatures
  Pikel (D:7)
  Sigmund (D:3)
  A hungry ghost (D:7)
  The ghost of Ooooooops the Sneak, an amateur OpAs (D:3)
  2 sky beasts
  3 eyes of draining (D:3)
  An ice beast (D:5)
  4 centaurs
  3 phantoms
  2 ogres
  A big kobold (Sewer)
  A bullfrog (D:6)
  3 scorpions
  A howler monkey (D:5)
  4 crimson imps
  2 quasits (D:3)
  An orc priest (D:4)
  4 hounds
  2 bullfrog skeletons (D:5)
  Natasha (thrice) (D:3)
  2 iguanas (D:4)
  3 orc wizards
  4 worker ants
  4 gnolls
  A howler monkey skeleton (D:8)
  12 adders
  2 river rats (Sewer)
  A shadow imp (D:5)
  An ooze (D:4)
  An adder skeleton (D:6)
  3 worms
  A dart slug (D:2)
  8 leopard geckos
  8 orcs
  3 ball pythons
  3 bats (D:1)
  4 giant cockroaches
  5 goblins
  6 hobgoblins
  4 jackals
  3 quokkas
  4 frilled lizards
  A jackal skeleton (D:4)
  9 kobolds
  A leopard gecko zombie (D:6)
  8 rats
143 creatures vanquished.

Vanquished Creatures (others)
  2 spectral weapons
2 creatures vanquished.

Grand Total: 145 creatures vanquished

Notes
Turn   | Place    | Note
-------+----------+-------------------------------------------
     0 | D:1      | pichaelthompson the Gnoll Skald began the quest for the
                  | Orb.
     0 | D:1      | Reached XP level 1. HP: 20/20 MP: 6/6
   255 | D:1      | Reached XP level 2. HP: 26/26 MP: 7/7
   997 | D:2      | Reached XP level 3. HP: 31/31 MP: 9/9
  1002 | D:2      | Learned a level 3 spell: Spectral Weapon
  1006 | D:2      | Learned a level 3 spell: Regeneration
  1017 | D:2      | You fall into a shaft and drop 1 floor!
  1029 | D:3      | Reached skill level 5 in Spellcasting
  1056 | D:3      | Noticed Natasha
  1063 | D:3      | Killed Natasha
  1063 | D:3      | Reached skill level 1 in Short Blades
  1063 | D:3      | Reached skill level 1 in Long Blades
  1063 | D:3      | Reached skill level 1 in Axes
  1063 | D:3      | Reached skill level 1 in Maces & Flails
  1063 | D:3      | Reached skill level 1 in Staves
  1063 | D:3      | Reached skill level 1 in Slings
  1063 | D:3      | Reached skill level 1 in Bows
  1063 | D:3      | Reached skill level 1 in Crossbows
  1063 | D:3      | Reached skill level 1 in Throwing
  1063 | D:3      | Reached skill level 1 in Stealth
  1063 | D:3      | Reached skill level 1 in Shields
  1063 | D:3      | Reached skill level 1 in Unarmed Combat
  1063 | D:3      | Reached skill level 1 in Invocations
  1063 | D:3      | Reached skill level 1 in Evocations
  1063 | D:3      | Reached XP level 4. HP: 38/38 MP: 7/11
  1073 | D:3      | Noticed an eye of draining
  1074 | D:3      | Noticed an eye of draining
  1074 | D:3      | Noticed an eye of draining
  1082 | D:3      | Found a bloodstained altar of Trog.
  1173 | D:2      | Reached skill level 1 in Conjurations
  1173 | D:2      | Reached skill level 1 in Hexes
  1173 | D:2      | Reached skill level 1 in Summonings
  1173 | D:2      | Reached skill level 1 in Necromancy
  1173 | D:2      | Reached skill level 1 in Translocations
  1173 | D:2      | Reached skill level 1 in Transmutations
  1173 | D:2      | Reached skill level 1 in Fire Magic
  1173 | D:2      | Reached skill level 1 in Ice Magic
  1173 | D:2      | Reached skill level 1 in Air Magic
  1173 | D:2      | Reached skill level 1 in Earth Magic
  1173 | D:2      | Reached skill level 1 in Poison Magic
  1445 | D:2      | Reached XP level 5. HP: 42/43 MP: 12/12
  1645 | D:3      | Killed an eye of draining
  1671 | D:3      | Killed an eye of draining
  1671 | D:3      | Reached XP level 6. HP: 50/50 MP: 0/14
  1697 | D:3      | Killed an eye of draining
  1697 | D:3      | Reached skill level 5 in Fighting
  1697 | D:3      | Reached skill level 5 in Polearms
  1697 | D:3      | Reached skill level 5 in Dodging
  1921 | D:3      | Noticed Sigmund
  1933 | D:3      | Killed Sigmund
  1933 | D:3      | Reached XP level 7. HP: 46/56 MP: 12/15
  1985 | D:3      | Found a glowing silver altar of Zin.
  2020 | D:3      | Noticed Natasha
  2031 | D:3      | Killed Natasha
  2237 | D:3      | Found a transporter.
  2249 | D:3      | Noticed Ooooooops's ghost (amateur OpAs)
  2301 | D:3      | Found a transporter.
  2388 | D:3      | Killed Ooooooops's ghost
  2499 | D:3      | Noticed Natasha
  2504 | D:3      | Killed Natasha
  2504 | D:3      | Reached XP level 8. HP: 63/63 MP: 12/16
  2822 | D:4      | Found a glowing drain.
  2836 | Sewer    | Entered a sewer
  2945 | Sewer    | Found a white marble altar of Elyvilon.
  4016 | D:4      | Reached skill level 6 in Spellcasting
  4181 | D:5      | Entered Level 5 of the Dungeon
  4454 | D:5      | Reached XP level 9. HP: 31/69 MP: 16/18
  4527 | D:5      | Found Uluiky's Armour Emporium.
  4557 | D:5      | Bought a +1 pair of gloves of strength for 181 gold pieces
  4962 | D:5      | Found a staircase to the Ecumenical Temple.
  4968 | Temple   | Entered the Ecumenical Temple
  5015 | Temple   | Became a worshipper of Ashenzari the Shackled
  5813 | D:6      | Found a snail-covered altar of Cheibriados.
  6093 | D:7      | Reached skill level 5 in Armour
  6201 | D:7      | Noticed Pikel
  6226 | D:7      | Killed Pikel
  6339 | D:7      | Reached skill level 5 in Invocations
  6508 | D:7      | Found a sparkling altar of Nemelex Xobeh.
  6570 | D:7      | Reached * piety under Ashenzari
  6798 | D:8      | Reached XP level 10. HP: 68/77 MP: 16/20
  6806 | D:8      | Reached skill level 7 in Spellcasting
  6954 | D:8      | Noticed Erica
  6980 | D:8      | Mangled by Erica

Levels and vault maps discovered:
D:1:      minmay_arrival_semitransparent, layout_basic
D:2:      layout_basic
D:3:      layout_loops_cross, marbit_many_paths, gammafunk_ghost_stat_death,
          first_ration, minivault_24, trog_eyes_of_draining, uniq_sigmund,
          uniq_natasha
D:4:      layout_basic, gup_sewer_entry_bubbles
D:5:      layout_rooms, minmay_temple_entry_enclosed_plants, serial_shops,
          nicolae_shop_stone, grunt_ministairs_7
D:6:      layout_loops_cross, basic_altar
D:7:      cheibrodos_iron_armory, layout_rooms, nemelex_spade_bored_becter,
          uniq_pikel
D:8:      layout_basic, grunt_ogre_cave, uniq_erica
Temple:   compressed_dpeg_circular_temple

Skill      XL: |  1  2  3  4  5  6  7  8  9 10 |
---------------+-------------------------------+-----
Spellcasting   | 5 6 7 |  7.0
Short Blades   | 1 2 3 4 |  4.8
Long Blades    | 1 2 3 4 |  4.8
Axes           | 1 2 3 4 |  4.8
Maces & Flails | 1 2 3 4 |  4.8
Staves         | 1 2 3 4 |  4.8
Slings         | 1 2 3 4 |  4.8
Bows           | 1 2 3 4 |  4.8
Crossbows      | 1 2 3 4 |  4.8
Throwing       | 1 2 3 4 |  4.8
Stealth        | 1 2 3 4 |  4.8
Shields        | 1 2 3 4 |  4.8
Unarmed Combat | 1 2 3 4 |  4.8
Invocations    | 1 2 3 4 5 |  5.2
Evocations     | 1 2 3 4 |  4.8
Conjurations   | 1 2 3 |  3.9
Hexes          | 1 2 3 |  3.9
Summonings     | 1 2 3 |  3.9
Necromancy     | 1 2 3 |  3.9
Translocations | 1 2 3 |  3.9
Transmutations | 1 2 3 |  3.9
Fire Magic     | 1 2 3 |  3.9
Ice Magic      | 1 2 3 |  3.9
Air Magic      | 1 2 3 |  3.9
Earth Magic    | 1 2 3 |  3.9
Poison Magic   | 1 2 3 |  3.9
Armour         | 3 4 5 |  5.5
Fighting       | 5 6 |  6.7
Polearms       | 5 6 |  6.7
Dodging        | 5 6 |  6.7
Charms         | 6 |  6.8

Action                   |  1- 3 |  4- 6 |  7- 9 | 10-12 || total
-------------------------+-------+-------+-------+-------++-------
Melee: Spear             |    71 |   153 |       |       ||   224
       Bite              |     2 |    25 |    55 |     3 ||    85
       Punch             |       |     2 |       |       ||     2
       Lajatang          |       |    13 |   416 |    25 ||   454
 Cast: Spectral Weapon   |     2 |     2 |    23 |     3 ||    30
       Regeneration      |       |       |     7 |     1 ||     8
  Use: Scroll            |       |       |     8 |       ||     8
       Potion            |       |       |     1 |       ||     1
 Stab: Distracted        |       |     1 |       |       ||     1
       Sleeping          |       |       |    14 |     2 ||    16
  Eat: Chunk             |       |     3 |    19 |       ||    22
Armor: Ring mail         |    14 |    15 |       |       ||    29
       Scale mail        |       |     1 |       |       ||     1
       Robe              |       |       |   100 |     1 ||   101
Dodge: Dodged            |    40 |    62 |   351 |    21 ||   474

Table legend:
 A = Non-vault XP
 B = Vault XP
 C = Vault XP percentage of total XP
 D = Non-vault monster count
 E = Vault monster count
 F = Vault count percentage of total count
                 A         B        C        D         E       F
            +---------+---------+-------+---------+---------+-------
      Total |    2965 |    1944 |  39.6 |     115 |      28 |  19.6
            +---------+---------+-------+---------+---------+-------
        D:1 |      29 |       0 |   0.0 |      18 |       0 |   0.0
        D:2 |      61 |       0 |   0.0 |      12 |       0 |   0.0
        D:3 |     193 |     925 |  82.7 |      18 |      11 |  37.9
        D:4 |     371 |      18 |   4.6 |      16 |       6 |  27.3
        D:5 |     998 |     124 |  11.1 |      24 |       1 |   4.0
        D:6 |     384 |       0 |   0.0 |      14 |       0 |   0.0
        D:7 |     560 |     641 |  53.4 |       7 |       1 |  12.5
        D:8 |     369 |     113 |  23.4 |       6 |       1 |  14.3
      Sewer |       0 |     123 | 100.0 |       0 |       8 | 100.0
            +---------+---------+-------+---------+---------+-------
